 Dungeon Crawl Stone Soup version 0.26-a0-597-gb535b0901c (webtiles) character file.

Game seed: 8114290002183026301

(classic levelgen) 105606 EnegeticOcto the Severer (level 15, 0/142 HPs)
             Began as a Deep Dwarf Fighter on Sept 9, 2020.
             Was the Champion of Makhleb.
             Slain by a spark wasp (13 damage)
             ... on level 4 of the Spider Nest.
             The game lasted 00:14:09 (17222 turns).

EnegeticOcto the Severer (Deep Dwarf Fighter)      Turns: 17222, Time: 00:14:09

Health: 0/142      AC: 31    Str: 26    XL:     15   Next: 95%
Magic:  3/3        EV:  7    Int:  9    God:    Makhleb [******]
Gold:   1715       SH: 16    Dex: 10    Spells: 14/14 levels left

rFire    + . .     SeeInvis .   a - +0 broad axe
rCold    . . .     Faith    .   z - +3 kite shield {AC+3}
rNeg     + . .     Spirit   .   A - +0 plate armour
rPois    +         Reflect  .   y - +2 helmet
rElec    .         Harm     .   E - +2 cloak {rCorr}
rCorr    +                      f - +0 pair of gloves
MR       +++..                  J - +2 pair of boots of the Tundras {rPois Stlth+}
Stlth    ..........             t - amulet of the acrobat
HPRegen  0.00/turn              h - ring of protection from fire
MPRegen  0.08/turn              L - ring of protection from magic

@: non-regenerating
A: damage resistance, heal wounds, clumsy 1, negative energy resistance 1, sense
surroundings 2, no regeneration
a: Heal Wounds, Minor Destruction, Lesser Servant of Makhleb, Major Destruction,
Greater Servant of Makhleb, Renounce Religion


You were on level 4 of the Spider Nest.
You worshipped Makhleb.
Makhleb was exalted by your worship.
You visited 5 branches of the dungeon, and saw 26 of its levels.
You visited the Abyss 1 time.
You also visited: Gauntlet.

You collected 2565 gold pieces.
You spent 850 gold pieces at shops.

Inventory:

Hand Weapons
 a - a +0 broad axe (weapon)
 q - a +1 hand axe of electrocution
 s - a cursed +4 war axe
 N - a +0 dagger of distortion
Missiles
 w - 4 throwing nets (quivered)
Armour
 f - a +0 pair of gloves (worn)
 y - a +2 helmet (worn)
 z - a +3 kite shield of protection (worn)
 A - a +0 plate armour (worn)
 C - the +3 hat of Pondering {ponderous, MR+ MP+10 Int+5}
   (You took it off Gastronok on level 8 of the Dungeon)

   It affects your intelligence (+5).
   It affects your resistance to hostile enchantments.
   It affects your magic capacity (+10).
 E - a +2 cloak of preservation (worn)
 J - the +2 pair of boots of the Tundras (worn) {rPois Stlth+}
   (You found it in a Gauntlet)

   It protects you from poison.
   It makes you more stealthy.
Jewellery
 h - a ring of protection from fire (left hand)
 t - an amulet of the acrobat (around neck)
 L - a ring of protection from magic (right hand)
 M - an uncursed ring of fire {unknown}
Wands
 x - a wand of paralysis (9)
 D - a wand of iceblast (21) {@v2}
 P - a wand of acid (19) {@v1}
Scrolls
 b - a scroll of enchant armour
 c - a scroll of summoning
 e - a scroll of magic mapping {@r5}
 g - 2 scrolls of blinking
 j - 7 scrolls of identify {@r1}
 o - 16 scrolls of remove curse {@r2}
 v - 3 scrolls of fog
 I - 6 scrolls of teleportation {@r3}
Potions
 d - 2 potions of might {@q3}
 i - 7 potions of curing {@q1}
 k - 3 potions of haste {@q4}
 l - 4 potions of ambrosia
 m - 2 potions of lignification {@q7}
 n - 3 potions of mutation
 p - 3 potions of magic
 r - 2 potions of resistance {@q6}
 u - 3 potions of invisibility
 B - a potion of berserk rage
 F - a potion of cancellation
 H - 2 potions of stabbing {@q5}
Miscellaneous
 G - a phantom mirror
 K - a tin of tremorstones (inert)


   Skills:
 + Level 11.3 Fighting
 * Level 17.6 Axes
 + Level 13.4 Armour
 + Level 13.3 Shields
 + Level 14.2 Invocations


You had 14 spell levels left.
You didn't know any spells.
Your spell library was empty.

Dungeon Overview and Level Annotations

Branches:
Dungeon (15/15)            Temple (1/1) D:5            Lair (4/6) D:11
  Swamp (0/4) Lair:2       Spider (4/4) Lair:4          Orc (2/2) D:10
    Elf (0/3) Orc:2        Depths (0/5) D:15        Gauntlet (visited)
 Vaults: D:13-14

Altars:
Ashenzari
Cheibriados
Elyvilon
Fedhas
Gozag
Hepliaklqana
Makhleb
Nemelex Xobeh
Okawaru
Sif Muna
Trog
Uskayaw
Wu Jian
Xom
Yredelemnul
Zin
Beogh

Shops:
D:11 !   Orc:2 !(*([

Annotations:
D:11 2 transporters, p0werm0de's ghost, journeyman MiFi
D:13 exclusions: yaktaur and 2 more exclusions
D:15 Roxanne


Innate Abilities, Weirdness & Mutations

You are resistant to damage.
You can heal yourself by infusing magical energy.
You resist negative energy. (rN+)
You passively map the area around you.
You do not regenerate.
You are clumsy. (Dex -2)


Message History

You are too injured to fight recklessly!
You are too injured to fight recklessly!
You are too injured to fight recklessly!
You are too injured to fight recklessly!
You are too injured to fight recklessly!
You are too injured to fight recklessly!
You are too injured to fight recklessly!
You are too injured to fight recklessly!
You are too injured to fight recklessly!
You are too injured to fight recklessly!
You are too injured to fight recklessly!
You are too injured to fight recklessly!
You are too injured to fight recklessly!
You are too injured to fight recklessly!
You are too injured to fight recklessly!
You are too injured to fight recklessly!
You are too injured to fight recklessly!
You hit the spark wasp.
The spark wasp is severely wounded.
You hit the emperor scorpion but do no damage.
The spark wasp stings you but does no damage.
The emperor scorpion completely misses you.
The emperor scorpion barely misses you.
The emperor scorpion claws you but does no damage.
You slash the spark wasp!
The spark wasp is almost dead.
You barely miss the emperor scorpion.
The spark wasp bursts into living lightning!
The living lightning hits you but does no damage.
The spark wasp blinks!
The orb spider weaves a glowing orb of energy.
You block the emperor scorpion's attack.
The emperor scorpion misses you.
You block the emperor scorpion's attack.
An orb of destruction comes into view.
Items here: ††††††.
The wavering orb of destruction hits you!
* * * LOW HITPOINT WARNING * * *
A demonic crawler comes into view.
The demonic crawler gives a hideous shriek!
You hear an angry hiss.
You hear an angry hiss.
The orb spider spins a strand of pure energy.
You see here an orb spider corpse.
You feel a little less mighty now.
You pick your way through the web.
The demonic crawler hits you. You block the demonic crawler's attack.
The demonic crawler completely misses you.
There is a web here.
You slash the demonic crawler!
The demonic crawler is lightly wounded.
You hit the emperor scorpion but do no damage.
You hit the orb spider.
An emperor scorpion comes into view.
The orb spider weaves a glowing orb of energy.
You block the orb of destruction.
The demonic crawler hits you but does no damage.
You block the demonic crawler's attack.
The demonic crawler hits you but does no damage.
You hit the demonic crawler but do no damage.
The demonic crawler is lightly wounded.
You slash the orb spider!
You kill the orb spider!
Makhleb accepts your kill.
You feel better.
Your plate armour prevents you from hitting the emperor scorpion.
You hear an angry hiss. x2
The emperor scorpion barely misses you. x2
The emperor scorpion claws you but does no damage.
You hear an angry hiss.
You hear a hideous shriek!
You slice the demonic crawler!!
The demonic crawler is severely wounded.
You hit the spark wasp but do no damage.
You closely miss the emperor scorpion. You block the demonic crawler's attack.
The demonic crawler hits you but does no damage. x2
The spark wasp stings you!
* * * LOW HITPOINT WARNING * * *
The spark wasp shocks you!
* * * LOW HITPOINT WARNING * * *
The emperor scorpion stings you!
* * * LOW HITPOINT WARNING * * *
The emperor scorpion claws you but does no damage. x2
You slash the demonic crawler!
The demonic crawler is almost dead.
Your plate armour prevents you from hitting the spark wasp.
You hit the emperor scorpion. You block the spark wasp's attack.
You block the demonic crawler's attack. x3
You slice the demonic crawler!!
You kill the demonic crawler!
Makhleb accepts your kill.
You feel better.
You hit the emperor scorpion but do no damage.
You hit the spark wasp. You block the spark wasp's attack.
A wolf spider comes into view.
You block the emperor scorpion's attack.
The emperor scorpion claws you but does no damage. x2
The spark wasp stings you!!
* * * LOW HITPOINT WARNING * * *
The spark wasp shocks you!
You die...

* * * * ≈ *
* *#..#
*.#.≈ , *, ≈
≈.≈. ≈.. * ,
≈ s.. ... ,
*, ≈ .≈ ^s ,
^ #≈##s# , *
, * #.s.. *
* ** ##†^##
* , * **
#..@.# * * ,
, ##ys## ,*
* * , ,
#..†^# , , ≈
,, ,, ##..##
* * ≈* *
#.#††# *≈
#^†.†#
##††##
##.)†.##
###....†.###


You could see 2 emperor scorpions, a spark wasp, a wolf spider and 2 orb
spiders.

Vanquished Creatures
  Gastronok (D:8)
  2 tentacled starspawn (Abyss:2)
  2 emperor scorpions (Spider:4)
  An entropy weaver (Spider:2)
  A spark wasp (Spider:4)
  A minotaur (Gauntlet)
  2 fire dragons (D:15)
  A vault guard (D:13)
  Harold (D:10)
  3 hydras
  2 centaur warriors
  A catoblepas (D:14)
  Erica (Orc:1)
  A tengu warrior (D:14)
  4 two-headed ogres
  A hell hog (Gauntlet)
  Nergalle (D:10)
  Sonja (D:13)
  A deep elf knight (D:13)
  2 sun demons (Abyss:2)
  3 unseen horrors
  7 skeletal warriors
  A wizard (D:15)
  3 orc knights
  5 orb spiders
  13 wolf spiders
  4 ugly things (D:11)
  An orc sorcerer (D:13)
  3 cyclopes
  2 manticores
  A moth of wrath (Gauntlet)
  An elephant (D:11)
  4 black mambas (Lair:4)
  A torpor snail (Lair:4)
  A smoke demon (Abyss:2)
  6 cane toads
  5 kobold demonologists
  4 centaur skeletons
  A tormentor (Abyss:2)
  7 komodo dragons
  9 demonic crawlers
  4 yaktaurs
  A tengu conjurer (D:14)
  A wolf spider simulacrum (D:15)
  An ancient zyme (Abyss:2)
  11 jumping spiders
  A meliai (shapeshifter) (Abyss:2)
  A troll (shapeshifter) (D:15)
  4 trolls
  A red devil (Abyss:2)
  9 hornets
  2 blink frogs (Lair:1)
  4 dream sheep (Lair:4)
  5 hippogriffs
  17 slime creatures
  3 flying skulls (Gauntlet)
  12 tarantellas
  47 redbacks
  A wyvern (D:12)
  9 yaks
  A wraith (D:14)
  Grum (D:8)
  4 fire bats (Gauntlet)
  The ghost of Lanoc the Bolt Thrower, an amateur FoHu (D:3)
  2 vampire mosquitoes (D:15)
  5 humans (D:10)
  A warg (Orc:1)
  A chaos spawn (Abyss:2)
  A neqoxec (Abyss:2)
  2 acid dragons
  2 hell hounds (Gauntlet)
  A large abomination (Abyss:2)
  6 porcupines
  3 water moccasins
  36 orc warriors
  5 sky beasts
  2 black bears
  11 ogres
  A phantom (D:14)
  7 wolves
  19 centaurs
  8 crocodiles
  Blork the orc (D:4)
  8 big kobolds
  18 bullfrogs
  8 gnoll sergeants
  2 wyvern zombies
  3 scorpions
  13 killer bees
  14 wights
  6 howler monkeys
  5 centaur zombies
  2 quasits
  2 small abominations (Abyss:2)
  2 bullfrog zombies
  7 hounds
  13 orc priests
  2 jellies
  8 iguanas
  21 orc wizards
  11 worker ants
  A killer bee zombie (D:8)
  A worker ant zombie (D:10)
  18 gnolls
  15 adders
  A shadow imp (D:6)
  2 white imps (D:8)
  3 ufetubi
  An ooze (D:6)
  2 adder zombies
  2 worms
  A dart slug (D:3)
  A leopard gecko (D:5)
  71 orcs
  6 giant cockroaches
  7 goblins
  3 hobgoblins
  16 jackals
  21 kobolds
  3 quokkas
  4 bats
  5 frilled lizards
  A jackal skeleton (D:4)
  4 rats
  2 starspawn tentacles (Abyss:2)
703 creatures vanquished.

Vanquished Creatures (collateral kills)
  A bone dragon (Abyss:2)
  A balrug (Abyss:2)
  Louise (Spider:4)
  An entropy weaver (Spider:4)
  2 spark wasps (Spider:4)
  A great orb of eyes (Abyss:2)
  4 hydras
  4 orb spiders (Spider:4)
  2 wolf spiders (Spider:4)
  A cane toad (Lair:3)
  A komodo dragon (Lair:3)
  2 demonic crawlers (Spider:4)
  7 jumping spiders
  A hippogriff (Lair:1)
  A blink frog (Lair:1)
  5 redbacks
  A tarantella (Spider:2)
  3 yaks
  A porcupine (Lair:3)
  2 crocodiles (Lair:3)
  A small abomination (Abyss:2)
  A starspawn tentacle (Abyss:2)
44 creatures vanquished.

Vanquished Creatures (others)
  A ghost moth (Spider:4)
  7 fungi
  9 plants
  3 starspawn tentacles (Abyss:2)
20 creatures vanquished.

Grand Total: 767 creatures vanquished

Notes
Turn   | Place    | Note
-------+----------+-------------------------------------------
     0 | D:1      | EnegeticOcto the Deep Dwarf Fighter began the quest for the
                  | Orb.
     0 | D:1      | Reached XP level 1. HP: 20/20 MP: 1/1
   132 | D:2      | Reached XP level 2. HP: 27/27 MP: 2/2
   159 | D:2      | Reached skill level 3 in Axes
   159 | D:2      | Reached XP level 3. HP: 23/33 MP: 3/3
   386 | D:3      | Found a hazy altar of Hepliaklqana.
   519 | D:3      | Found a runed translucent gate.
   520 | D:3      | Found a runed translucent gate.
   523 | D:3      | Found a runed translucent gate.
   524 | D:3      | Found an opulent altar of Gozag.
   525 | D:3      | Noticed Lanoc's ghost (amateur FoHu)
   662 | D:3      | Reached XP level 4. HP: 22/42 MP: 4/4
   673 | D:3      | Killed Lanoc's ghost
   673 | D:3      | Reached skill level 4 in Axes
   673 | D:3      | Reached XP level 5. HP: 28/49 MP: 4/4
  1118 | D:3      | Found a basalt altar of Yredelemnul.
  1121 | D:3      | Found an iron altar of Okawaru.
  1226 | D:4      | Reached XP level 6. HP: 50/57 MP: 5/5
  1259 | D:4      | Reached skill level 5 in Axes
  1338 | D:4      | Found the +10 tower shield of Ignorance {rN+ Int-4}
  1387 | D:4      | Noticed Blork the orc
  1397 | D:4      | Killed Blork the orc
  1397 | D:4      | Reached XP level 7. HP: 36/64 MP: 6/6
  1837 | D:5      | Entered Level 5 of the Dungeon
  1839 | D:5      | Found an ornate altar of the Wu Jian Council.
  1841 | D:5      | Reached skill level 5 in Armour
  1841 | D:5      | Reached skill level 5 in Shields
  1960 | D:5      | Reached skill level 6 in Axes
  2103 | D:5      | Found a staircase to the Ecumenical Temple.
  2139 | Temple   | Entered the Ecumenical Temple
  2246 | Temple   | Became a worshipper of Makhleb the Destroyer
  2458 | D:5      | Reached skill level 1 in Invocations
  2493 | D:5      | Found an opulent altar of Gozag.
  2791 | D:6      | Reached XP level 8. HP: 64/73 MP: 5/7
  2920 | D:6      | Reached skill level 7 in Axes
  3072 | D:6      | Reached * piety under Makhleb
  3072 | D:6      | Reached skill level 5 in Fighting
  3569 | D:7      | Reached skill level 8 in Axes
  3782 | D:7      | Gained mutation: You passively map the area around you.
                  | [Deep Dwarf growth]
  3782 | D:7      | Reached XP level 9. HP: 51/81 MP: 9/9
  4786 | D:8      | Reached ** piety under Makhleb
  4804 | D:8      | Reached skill level 5 in Invocations
  4882 | D:8      | Noticed Grum
  4893 | D:8      | Reached skill level 9 in Axes
  4906 | D:8      | Killed Grum
  4911 | D:8      | Found a shattered altar of Ashenzari.
  5197 | D:8      | Noticed Gastronok
  5227 | D:8      | Killed Gastronok
  5227 | D:8      | Reached skill level 10 in Axes
  5227 | D:8      | Reached XP level 10. HP: 92/92 MP: 10/10
  5617 | D:9      | Noticed a two-headed ogre
  5629 | D:9      | Paralysed by a hornet for 3 turns
  5647 | D:9      | Killed a two-headed ogre
  5805 | D:9      | Reached skill level 11 in Axes
  5822 | D:9      | Found a burning altar of Makhleb.
  5831 | D:9      | Reached *** piety under Makhleb
  6135 | D:9      | Found a bloodstained altar of Trog.
  6302 | D:9      | Found a snail-covered altar of Cheibriados.
  6302 | D:9      | Found a glowing silver altar of Zin.
  6412 | D:10     | Entered Level 10 of the Dungeon
  6413 | D:10     | Noticed Harold
  6427 | D:10     | Reached XP level 11. HP: 85/100 MP: 9/9
  6433 | D:10     | Noticed a two-headed ogre
  6435 | D:10     | Killed Harold
  6448 | D:10     | Killed a two-headed ogre
  6763 | D:10     | Noticed Nergalle
  6764 | D:10     | Noticed a spectral orc warlord
  6786 | D:10     | Killed Nergalle
  6839 | D:10     | Found a staircase to the Orcish Mines.
  6855 | D:10     | Reached **** piety under Makhleb
  7014 | D:10     | Identified a scroll of acquirement
  7014 | D:10     | Acquired a +0 kite shield of protection
  7075 | D:11     | Noticed a brown ugly thing
  7086 | D:11     | Reached skill level 12 in Axes
  7089 | D:11     | Killed a brown ugly thing
  7126 | D:11     | Found Oteowin's Distillery.
  7138 | D:11     | Bought a potion of haste for 140 gold pieces
  7184 | D:11     | Found a transporter.
  7199 | D:11     | Noticed a four-headed hydra
  7212 | D:11     | Killed a four-headed hydra
  7311 | D:11     | Found a staircase to the Lair.
  7337 | D:11     | Noticed a green ugly thing
  7339 | D:11     | Noticed a white ugly thing
  7353 | D:11     | Killed a green ugly thing
  7359 | D:11     | Killed a white ugly thing
  7426 | D:11     | Reached XP level 12. HP: 110/110 MP: 11/11
  7487 | D:11     | Found a transporter.
  7493 | D:11     | Noticed p0werm0de's ghost (journeyman MiFi)
  7549 | D:11     | You fall into a shaft and drop 1 floor!
  7811 | D:12     | Reached ***** piety under Makhleb
  8224 | D:12     | Reached skill level 13 in Axes
  8230 | D:12     | Reached skill level 10 in Shields
  8236 | D:12     | Reached skill level 10 in Armour
  8240 | D:12     | Reached skill level 10 in Invocations
  8912 | Orc:1    | Entered Level 1 of the Orcish Mines
  9017 | Orc:1    | Found a roughly hewn altar of Beogh.
  9130 | Orc:2    | Entered Level 2 of the Orcish Mines
  9363 | Orc:2    | Reached ****** piety under Makhleb
  9426 | Orc:2    | Reached XP level 13. HP: 110/121 MP: 13/13
  9427 | Orc:2    | Reached skill level 14 in Axes
  9500 | Orc:2    | Found Biez's Distillery.
  9518 | Orc:2    | Found a staircase to the Elven Halls.
  9634 | Orc:2    | Found Ubbit's Weapon Boutique.
  9634 | Orc:2    | Found Zuaxuhomm's General Store.
  9636 | Orc:2    | Found Raezom's Antique Weapon Emporium.
  9638 | Orc:2    | Found Cufash's Antique Armour Shop.
  9650 | Orc:2    | Bought a pair of runed gloves for 247 gold pieces
  9650 | Orc:2    | Bought a pair of glowing boots for 247 gold pieces
  9804 | Orc:1    | Noticed Erica
  9830 | Orc:1    | Killed Erica
 10029 | Orc:2    | Bought a potion of resistance for 120 gold pieces
 10029 | Orc:2    | Bought a potion of invisibility for 96 gold pieces
 10185 | D:13     | Found a gate leading to a gauntlet.
 10190 | Gauntlet | Entered a Gauntlet
 10190 | Gauntlet | Found a transporter.
 10190 | Gauntlet | Found a transporter.
 10198 | Gauntlet | Found a transporter.
 10198 | Gauntlet | Found a transporter.
 10243 | Gauntlet | Found a transporter.
 10243 | Gauntlet | Found a transporter.
 10335 | Gauntlet | Found a transporter.
 10344 | Gauntlet | Got a clouded copper ring
 10345 | Gauntlet | Identified the ring "Tepock" {+Inv Int+6} (You found it in
                  | a Gauntlet)
 10360 | Gauntlet | Noticed a minotaur
 10374 | Gauntlet | Paralysed by a floating eye for 4 turns
 10396 | Gauntlet | Killed a minotaur
 10401 | Gauntlet | Got a pair of transparent boots
 10412 | Gauntlet | Identified the +2 pair of boots of the Tundras {rPois
                  | Stlth+} (You found it in a Gauntlet)
 10671 | Lair:1   | Entered Level 1 of the Lair of Beasts
 11213 | Lair:2   | Found a staircase to the Swamp.
 11800 | Lair:3   | Reached skill level 15 in Axes
 12694 | Lair:4   | Found a hole to the Spider Nest.
 12842 | Lair:4   | Gained mutation: You resist negative energy. (rN+) [Deep
                  | Dwarf growth]
 12842 | Lair:4   | Reached XP level 14. HP: 130/130 MP: 12/12
 13498 | D:13     | Noticed Sonja
 13532 | D:13     | Cast into level 2 of the Abyss (Sonja)
 13569 | Abyss:2  | Noticed a tentacled starspawn
 13601 | Abyss:2  | Noticed a bone dragon
 13649 | Abyss:2  | Noticed a tentacled starspawn
 13666 | Abyss:2  | Killed a tentacled starspawn
 13676 | Abyss:2  | Killed a bone dragon
 13676 | Abyss:2  | Reached skill level 10 in Fighting
 13691 | Abyss:2  | Noticed a tentacled starspawn
 13708 | Abyss:2  | Gained mutation: You are clumsy. (Dex -2) [a neqoxec]
 13710 | Abyss:2  | Killed a tentacled starspawn
 13744 | Abyss:2  | Noticed a balrug
 13773 | Abyss:2  | Killed a balrug
 13823 | D:13     | Escaped the Abyss
 13828 | D:13     | Killed Sonja
 13894 | D:13     | Reached skill level 16 in Axes
 14771 | D:15     | Entered Level 15 of the Dungeon
 15271 | D:15     | Found a staircase to the Depths.
 15346 | D:15     | Reached XP level 15. HP: 97/140 MP: 7/7
 15455 | D:15     | Found a blossoming altar of Fedhas.
 15486 | D:15     | Noticed Roxanne
 16057 | Spider:1 | Entered Level 1 of the Spider Nest
 16504 | Spider:4 | Entered Level 4 of the Spider Nest
 16516 | Spider:4 | Reached skill level 17 in Axes
 16586 | Spider:4 | Noticed Louise
 16609 | Spider:4 | Killed Louise
 17132 | Spider:4 | Paralysed by a hornet for 2 turns
 17163 | Spider:4 | Killed a ghost moth
 17222 | Spider:4 | Slain by a spark wasp

Illustrated notes

Levels and vault maps discovered:
D:1:      grunt_arrival_crossed_arrows, layout_basic
D:2:      layout_loops_ring
D:3:      layout_basic, lemuel_crystal_altar, nicolae_overflow_hidden_temple,
          ebering_ghost_gozag
D:4:      layout_cave_pools, serial_column_ruins, column_ruins_circle_large,
          column_ruins_hut, column_ruins_columns_straight,
          column_ruins_open_small, column_ruins_grid_1,
          column_ruins_corridor_corner, minmay_unequal, uniq_blork_the_orc
D:5:      layout_loops_ring, kennysheep_little_box, minmay_temple_entry_fiery,
          basic_altar, grunt_ministairs_1
D:6:      layout_basic
D:7:      layout_layer_cave
D:8:      layout_cave_pods, ashenzari_altar_1, uniq_gastronok, uniq_grum
D:9:      layout_basic, kennysheep_mini_moat,
          gammafunk_temple_overflow_elements, basic_altar
D:10:     layout_cave_pools, kennysheep_orc_monster_closet_entryway,
          serial_park_tiny_pond, minmay_ruffians, uniq_nergalle, uniq_harold
D:11:     layout_long_grid, david_lair_generic, serial_shops, shop,
          gammafunk_ghost_berserking_beasts
D:12:     layout_grid_maze
D:13:     layout_loops_ring, grunt_vaults_entry_fortified,
          gauntlet_entry_generic, uniq_sonja
D:14:     layout_loops_cross, kennysheep_doodads
D:15:     grunt_enter_depths_hoard, layout_cave_pods,
          lemuel_coloured_pillars_altar, uniq_roxanne
Temple:   minmay_temple_curvy_loop
Lair:1:   layout_regular_city
Lair:2:   layout_chaotic_city, swamp_mist
Lair:3:   layout_roguey, minivault_27, infiniplex_staircase_pool
Lair:4:   layout_gridlike, spider_nest_entry_webs, columned_hall_lemuel
Spider:1: nicolae_spider_mines_1, special_room [special_room_bee], uniq_agnes
Spider:2: layout_spider_delve, drop_trap, nicolae_spider_cling_ruins
Spider:3: layout_spider_delve, drop_trap
Spider:4: guppyfry_spider_rune, uniq_louise
Orc:1:    layout_caves, lemuel_statue_altar, uniq_erica
Orc:2:    st_orc_rangers, layout_caves, serial_shops, shop

Skill      XL: |  1  2  3  4  5  6  7  8  9 10 11 12 13 14 15 |
---------------+----------------------------------------------+-----
Axes           | 3 4 5 6 8 10 11 12 13 15 16 17 | 17.6
Fighting       | 3 4 5 6 7 8 9 10 11 | 11.3
Armour         | 4 5 6 7 8 9 10 11 12 13 | 13.4
Shields        | 4 5 6 7 8 9 10 11 12 13 | 13.3
Invocations    | 1 3 6 7 9 10 12 13 14 | 14.2

Action                   |  1- 3 |  4- 6 |  7- 9 | 10-12 | 13-15 || total
-------------------------+-------+-------+-------+-------+-------++-------
Melee: War axe           |    76 |    65 |    25 |       |       ||   166
       Hand axe          |       |       |   347 |   894 |   683 ||  1924
       Broad axe         |       |       |       |       |  1094 ||  1094
Invok: Lesser Servant of |       |       |       |       |    19 ||    19
       Greater Servant o |       |       |       |       |     1 ||     1
 Abil: Heal Wounds       |     1 |     5 |    14 |    14 |    48 ||    82
Evoke: Wand              |       |       |       |     8 |     5 ||    13
       Phantom mirror    |       |       |       |       |     1 ||     1
       Tin of tremorston |       |       |       |       |     3 ||     3
  Use: Scroll            |       |       |     6 |    22 |     8 ||    36
       Potion            |       |       |       |       |     3 ||     3
 Stab: Distracted        |       |       |       |       |     5 ||     5
       Petrified         |       |       |       |       |    13 ||    13
       Paralysed         |       |       |       |       |     3 ||     3
Armor: Scale mail        |    46 |    22 |   130 |       |       ||   198
       Plate armour      |       |       |    31 |   377 |  1314 ||  1722
Dodge: Dodged            |    31 |    13 |   108 |   169 |   471 ||   792
Block: Kite shield       |    46 |    28 |   200 |   557 |  1553 ||  2384

Table legend: (Time is in decaauts)
 A = Elapsed time spent in this place.
 B = Non-inter-level travel time spent in this place.
 C = Inter-level travel time spent in this place.
 D = Time resting spent in this place.
 E = Time spent auto-exploring this place.
 F = Levels seen in this place.
 G = Mean time per level.
                   A        B        C        D        E       F      G
               +--------+--------+--------+--------+--------+-----+--------+
         Total |  16585 |  15237 |   1348 |     22 |  10898 |  28 |  592.3 |
       Dungeon |  11494 |  10513 |    981 |     22 |   7796 |  15 |  766.3 |
        Temple |    169 |    108 |     61 |      0 |     97 |   1 |  169.0 |
          Lair |   2378 |   2177 |    201 |      0 |   1819 |   4 |  594.5 |
   Spider Nest |   1044 |   1016 |     28 |      0 |    403 |   4 |  261.0 |
  Orcish Mines |   1051 |    976 |     75 |      0 |    657 |   2 |  525.5 |
         Abyss |    273 |    273 |      0 |      0 |     99 |   1 |  273.0 |
      Gauntlet |    173 |    173 |      0 |      0 |     26 |   1 |  173.0 |
               +--------+--------+--------+--------+--------+-----+--------+

Top non-repeatable levels by time:
     D:7: 1193 daAuts
    D:12: 1193 daAuts
    D:15: 1036 daAuts
     D:9: 866 daAuts
     D:3: 865 daAuts
    D:11: 864 daAuts
     D:8: 838 daAuts
    D:13: 810 daAuts
  Lair:3: 783 daAuts
     D:6: 763 daAuts
     D:5: 708 daAuts
  Lair:2: 695 daAuts
    D:10: 664 daAuts
    D:14: 658 daAuts
Spider:4: 641 daAuts
